Map: Pillars of Gold LE

Players

Namshar

  • Race: Zerg Zerg
  • League: Grandmaster
  • Spawn Location: 1:00

Future - Winner!

  • Race: Terran Terran
  • League: Master
  • Spawn Location: 7:00

Event: DreamHack SC2 Masters 2020 Winter

VOD

Have the link to the VOD?

Description

Time

  • Played on: Nov. 6, 2020, 5:12 p.m.
  • Length: 11:21

All games in this series

Show
View Real Time Build Order
Export as new Build Order

Namshar Zerg 

Build Orders: Pool First 

Get SALT Encoding   

  12  0:00  Drone  
  13  0:12  Overlord  
  13  0:17  Drone  
  14  0:30  Drone x2  
  14  0:34  Drone  
  17  0:45  Drone  
  17  0:48  Extractor  
  17  0:50  Spawning Pool  
  17  0:56  Drone  
  17  1:08  Drone  
  18  1:19  Hatchery  
  18  1:23  Drone  
  18  1:37  Zergling x2, Queen  
  21  1:42  Zergling x2  
  22  1:49  Metabolic Boost  
  22  2:00  Overlord  
  22  2:18  Queen  
  24  2:23  Zergling x2, Drone  
  24  2:25  Drone  
  27  2:33  Drone  
  27  2:34  Drone  
  29  2:46  Drone x2  
  31  2:54  Queen  
  31  2:55  Drone  
  31  2:56  Drone x2  
  36  3:04  Overlord  
  36  3:16  Hatchery  
  36  3:18  Drone  
  35  3:23  Drone x3  
  35  3:25  Queen  
  40  3:32  Drone x3  
  43  3:37  Overlord  
  43  3:52  Overlord  
  43  3:53  Overlord  
  43  3:55  Drone  
  43  3:57  Queen  
  43  4:00  Queen  
  43  4:02  Drone  
  49  4:05  Drone  
  49  4:06  Drone  
  51  4:10  Drone x4  
  51  4:11  Drone  
  51  4:16  Drone  
  57  4:20  Drone  
  58  4:25  Drone  
  58  4:29  Drone  
  60  4:33  Baneling Nest  
  60  4:36  Overlord x2  
  60  4:38  Zergling x12  
  65  4:46  Zergling x4, Evolution Chamber x2  
  65  4:52  Lair  
  65  4:56  Zergling x6  
  68  5:03  Drone  
  68  5:04  Drone x3  
  72  5:10  Drone x3  
  75  5:19  Zergling x10  
  75  5:20  Hatchery  
  70  5:25  Drone  
  70  5:28  Drone  
  66  5:36  Drone x5  
  66  5:42  Drone  
  72  5:43  Drone x5  
  72  5:46  Drone x2  
  79  5:51  Extractor  
  79  5:53  Centrifical Hooks  
  79  5:55  Drone  
  79  5:56  Drone  
  80  5:58  Queen  
  80  6:01  Extractor  
  79  6:09  Drone, Extractor  
  79  6:10  Drone x2  
  82  6:11  Drone  
  82  6:13  Zerg Ground Armor Level 1  
  82  6:15  Overlord x2  
  82  6:16  Overlord, Extractor  
  81  6:26  Zerg Melee Weapons Level 1  
  81  6:32  Queen  
  81  6:33  Drone  
  81  6:34  Zergling x14, Drone x2  
  93  6:40  Zergling x8  
  93  6:41  Baneling x7  
  98  6:47  Zergling x6  
  98  6:53  Drone x2  
  102  6:54  Overlord  
  102  6:55  Overlord x2  
  102  6:56  Overlord  
  102  6:57  Drone x2  
  102  6:58  Zergling x4  
  102  7:00  Baneling x5  
  105  7:05  Zergling x12  
  111  7:13  Queen  
  113  7:16  Queen  
  113  7:22  Baneling x3  
  115  7:25  Zergling x22  
  115  7:28  Baneling x3  
  126  7:32  Overlord x2  
  126  7:42  Zergling x8  
  126  7:43  Zergling x8  
  134  7:50  Baneling  
  134  7:56  Overlord x3  
  134  7:57  Zergling x14  
  136  8:10  Drone  
  136  8:11  Drone x3  
  129  8:23  Drone x7  
  133  8:27  Infestation Pit  
  133  8:28  Extractor  
  133  8:29  Zergling x18  
  133  8:33  Overlord  
  133  8:34  Zergling x2, Overlord  
  139  8:36  Baneling x5  
  139  8:40  Zergling x8  
  143  8:41  Baneling  
  143  8:42  Baneling x5  
  143  8:47  Zergling x2  
  140  8:51  Zergling x4  
  140  8:52  Zergling x2  
  140  8:54  Zergling x6  
  127  8:57  Zergling x8  
  127  9:00  Zerg Ground Armor Level 2, Zerg Melee Weapons Level 2  
  127  9:02  Baneling x4  
  130  9:03  Zergling x2  
  130  9:04  Zergling x2  
  130  9:08  Baneling x4  
  130  9:09  Zergling x4  
  134  9:14  Hive  
  134  9:19  Zergling x2  
  134  9:20  Zergling x6  
  134  9:22  Hatchery  
  136  9:25  Zergling x2  
  136  9:26  Zergling x8  
  136  9:29  Zergling x8  
  145  9:32  Baneling x5  
  145  9:35  Zergling x14  
  145  9:37  Hatchery  
  126  9:46  Zergling x8  
  126  9:48  Baneling x9  
  126  9:50  Zergling x2  
  131  9:54  Zergling x6  
  131  9:55  Zergling x4  
  131  9:58  Zergling x8  
  138  10:00  Baneling x8  
  138  10:05  Zergling x2  
  138  10:06  Zergling x10  
  139  10:07  Baneling x10  
  139  10:12  Zergling x8  
  127  10:26  Zergling x14  
  127  10:28  Zergling x12  
  127  10:33  Zergling x2, Baneling  
  127  10:34  Baneling  
  128  10:37  Zergling x2  
  128  10:38  Zergling x10  
  128  10:39  Queen  
  124  10:52  Zergling x14  
  124  10:53  Zergling x2  
  122  11:00  Zergling x20  
  122  11:01  Baneling  
  122  11:02  Baneling x5  
Show
View Real Time Build Order
Export as new Build Order

Future Terran - Winner!

Build Orders: Liberator Opening, Reaper Expand 

Get SALT Encoding   

  12  0:00  SCV  
  13  0:12  SCV  
  14  0:17  Supply Depot  
  14  0:24  SCV  
  15  0:39  SCV  
  15  0:41  Barracks  
  16  0:45  Refinery  
  16  0:51  SCV  
  17  1:03  SCV  
  18  1:15  SCV  
  19  1:28  Reaper, Orbital Command  
  20  1:43  Command Center  
  20  1:53  Supply Depot  
  20  1:55  SCV  
  20  1:59  Marine  
  22  2:07  SCV  
  23  2:11  Factory  
  23  2:17  Marine  
  23  2:20  SCV  
  25  2:23  Bunker  
  25  2:32  Refinery  
  25  2:33  SCV  
  25  2:36  Barracks Reactor  
  26  2:45  SCV  
  24  2:59  Hellion  
  24  3:00  SCV  
  24  3:04  Starport  
  27  3:06  Orbital Command  
  28  3:12  SCV  
  27  3:25  SCV  
  27  3:26  Barracks Tech Lab  
  30  3:27  Hellion x2  
  30  3:32  SCV  
  33  3:37  SCV  
  33  3:41  Liberator  
  34  3:44  SCV  
  34  3:46  Supply Depot  
  38  3:49  SCV, Hellion  
  38  3:51  Hellion  
  43  3:56  SCV, Marine  
  43  4:01  SCV  
  43  4:02  Supply Depot  
  46  4:10  Hellion  
  46  4:12  Hellion  
  46  4:15  Armory  
  50  4:20  SCV x2  
  50  4:21  Stimpack  
  52  4:26  Supply Depot  
  52  4:32  SCV x2  
  54  4:42  Command Center  
  54  4:44  SCV  
  54  4:45  SCV  
  56  4:49  Factory Reactor  
  56  4:56  SCV  
  56  4:57  SCV  
  56  4:58  Barracks  
  58  5:00  Barracks  
  58  5:06  Starport Tech Lab  
  58  5:08  SCV  
  58  5:09  SCV  
  58  5:14  Supply Depot  
  58  5:15  Engineering Bay  
  58  5:19  Marine  
  57  5:27  SCV  
  48  5:28  SCV  
  48  5:33  Refinery x2  
  49  5:36  Siege Tank  
  49  5:37  Starport Reactor  
  49  5:39  SCV  
  49  5:41  SCV, Marine  
  55  5:49  Marine x2  
  56  5:51  SCV, Barracks  
  56  5:52  Barracks  
  56  5:53  SCV, Terran Infantry Weapons Level 1  
  56  5:54  Orbital Command  
  59  5:58  Marine x2  
  59  5:59  Marine  
  59  6:03  SCV  
  60  6:05  SCV  
  60  6:07  Marine  
  60  6:08  Siege Tank  
  60  6:10  Marine  
  66  6:16  SCV  
  66  6:17  SCV, Combat Shield  
  68  6:18  Medivac  
  68  6:19  Orbital Command  
  68  6:21  Medivac  
  72  6:25  Marine  
  72  6:26  Marine x2  
  72  6:28  SCV, Marine  
  72  6:29  SCV, Marine  
  79  6:34  Supply Depot  
  79  6:37  Supply Depot  
  79  6:40  SCV, Barracks Reactor  
  79  6:41  SCV  
  79  6:42  Barracks Reactor, Siege Tank  
  79  6:45  Marine  
  79  6:46  Marine  
  86  6:47  Marine  
  86  6:51  SCV  
  86  6:52  SCV  
  86  6:54  Marine x2  
  89  7:00  SCV  
  92  7:03  SCV  
  92  7:04  SCV  
  92  7:07  Supply Depot  
  92  7:08  Supply Depot  
  94  7:10  Marine x3  
  94  7:12  Marine x2  
  94  7:13  SCV  
  94  7:14  Siege Tank  
  104  7:16  SCV  
  104  7:20  Medivac x2  
  104  7:22  Marine  
  109  7:27  Supply Depot  
  109  7:28  Supply Depot  
  109  7:29  Marine x5  
  114  7:31  Marine x2  
  114  7:32  Marine  
  116  7:39  Marine  
  116  7:41  SCV x2  
  116  7:44  SCV  
  116  7:46  Marine x3  
  119  7:51  Supply Depot x2, Siege Tank  
  119  7:53  Medivac  
  119  7:56  Medivac  
  126  8:01  Marine x6  
  126  8:04  Marine  
  132  8:11  Marine  
  132  8:12  Marine  
  124  8:18  Marine  
  124  8:19  Marine x5  
  130  8:22  Marine  
  130  8:23  Siege Tank  
  131  8:28  Medivac x2  
  131  8:29  Marine x2  
  137  8:36  Marine  
  137  8:37  Marine x5  
  137  8:40  Marine  
  144  8:47  Marine x2  
  146  8:54  Marine x6  
  130  8:58  Marine  
  130  9:02  Siege Tank  
  130  9:05  Marine x2, Liberator x2  
  138  9:12  Marine x6  
  138  9:15  Marine  
  145  9:23  Marine x2  
  147  9:30  Marine x6  
  153  9:33  Marine  
  153  9:34  Siege Tank  
  157  9:40  Marine  
  157  9:41  Marine  
  137  9:47  Marine  
  137  9:48  Marine x5, Liberator x2  
  137  9:51  Marine  
  150  9:58  Marine  
  150  9:59  Marine  
  152  10:05  Marine  
  152  10:06  Marine x4, Siege Tank  
  157  10:19  Marine  
  157  10:20  Marine  
  157  10:23  Marine x3  
  157  10:24  Marine x3  
  157  10:43  Marine  
  157  10:46  Marine x3  
  157  10:47  Marine x4  
  157  10:48  Marine  
  156  10:56  Supply Depot x2  
  166  11:19  Supply Depot  
  166  11:20  Supply Depot  
Tags
 
Add a new tag
Caveats
  • Supply blocks, unpowered buildings, or Contaminate may cause inaccurate times.
  • Supply counts are checked every 10 seconds.